 Dungeon Crawl Stone Soup version 0.30.0-18-gc0e69614cb (webtiles) character file.

Game seed: 11545687670638067162

11 buriedalive the Chiller (level 2, -2/15 HPs)
             Began as a Deep Elf Ice Elementalist on May 25, 2023.
             Slain by Sigmund
             ... wielding a +5 scythe of protection
              (7 damage)
             ... on level 2 of the Dungeon.
             The game lasted 00:01:38 (926 turns).

buriedalive the Chiller (Deep Elf Ice Elementalist)  Turns: 926, Time: 00:01:39

Health: -2/15      AC:  2    Str:  5    XL:     2   Next: 13%
Magic:  8/8        EV: 13    Int: 19    God:
Gold:   74         SH:  0    Dex: 15    Spells: 6/7 levels left

rFire   . . .        (no weapon)
rCold   . . .        (no shield)
rNeg    . . .        a - +0 robe
rPois   .            (no helmet)
rElec   .            (no cloak)
rCorr   .            (no gloves)
SInv    .            (no boots)
Will    .....        (no amulet)
Stlth   +            (no ring)
HPRegen 0.22/turn    (no ring)
MPRegen 0.11/turn

%: no passive effects
@: confused
A: no striking features
a: no special abilities


You were on level 2 of the Dungeon.
You visited 1 branch of the dungeon, and saw 2 of its levels.

You collected 74 gold pieces.

Inventory:

Missiles
 f - 11 stones
 o - 6 silver boomerangs
Armour
 a - a +0 robe (worn)
Jewellery
 l - a ring of resist corrosion
Scrolls
 d - 3 scrolls of identify {unknown}
 g - a scroll of magic mapping {unknown}
 h - 2 scrolls of blinking {unknown}
 j - a scroll of teleportation {unknown}
 k - a scroll of immolation {unknown}
 m - a scroll of amnesia {unknown}
Potions
 b - 2 potions of magic
 c - 3 potions of heal wounds {unknown}
 e - a potion of cancellation {unknown}
 i - 2 potions of attraction {unknown}
 n - a potion of haste {unknown}
 p - a potion of degeneration {unknown}


   Skills:
 + Level 2.8 Dodging
 - Level 2.4 Stealth
 + Level 3.4 Spellcasting
 + Level 4.5 Ice Magic


You had 6 spell levels left.
You knew the following spells:

 Your Spells              Type           Power      Damage    Failure   Level
a - Freeze                Ice            80%        1d9       2%          1

Your spell library contained the following spells:

 Spells                   Type           Power      Damage    Failure   Level
 Frozen Ramparts          Ice            40%        1d7       7%          3
 Ozocubu's Armour         Ice            20%        N/A       7%          3
 Summon Ice Beast         Ice/Summ       11%        N/A       50%         4


Dungeon Overview and Level Annotations

Branches:
Dungeon (2/15)

Altars:

Annotations:
D:2 Sigmund


Message History

Done exploring.
Done exploring.
(D) Dungeon
Where to? (? - help)
There is a stone staircase leading down here.
You climb downwards.
Found a scroll labelled ORROAS OSONY, 6 silver boomerangs and an orange potion.
There is a stone staircase leading up here.
m - a scroll labelled ORROAS OSONY
n - an orange potion You see here 6 silver boomerangs.
o - 6 silver boomerangs
Found a whip.
p - a sedimented grey potion Sigmund and a goblin come into view.
Sigmund is wielding a +5 scythe of protection.
Sigmund gestures at you while chanting. You resist with significant effort.
Sigmund gestures at you while chanting. You resist with significant effort.
Sigmund laughs darkly.
Sigmund points at you and mumbles some strange words.
You are confused.
You bump into the rock wall.
You bump into the rock wall.
You feel less confused. Sigmund casts a spell at you.
The puff of flame hits you!
Ouch! That really hurt!
Sigmund points at you and mumbles some strange words.
You are confused.
There is a stone staircase leading up here.
In your confused state, you trip and fall back down the stairs.
Sigmund hits you from afar with a +5 scythe of protection.
In your confused state, you trip and fall back down the stairs.
Sigmund casts a spell.
Sigmund flickers and vanishes!
Deactivating autopickup; reactivate with Ctrl-A.
Something hits you!
You die...

#.#P.P~~~.......#
# #.P.~≈~~..P~..#
#..~≈~≈≈≈P~~..#
#.~~≈≈≈~~~~≈..#
)..~~≈≈≈~≈≈~...#
...P~≈≈~~≈~....#
.~≈~~~~♣..{.#
~~≈≈~.P.P..#
PP~~PP.P..@#
....P....P.#
##....##.#.#
####......#
###..### #..#
#..# .... .####


There were no monsters in sight!

Vanquished Creatures
  A bat (D:1)
  An endoplasm (D:1)
  3 giant cockroaches (D:1)
  2 hobgoblins (D:1)
  2 frilled lizards (D:1)
9 creatures vanquished.

Notes
Turn   | Place    | Note
-------+----------+-------------------------------------------
     0 | D:1      | buriedalive the Deep Elf Ice Elementalist began the quest
                  | for the Orb.
     0 | D:1      | Reached XP level 1. HP: 10/10 MP: 6/6
   404 | D:1      | Reached XP level 2. HP: 14/15 MP: 5/8
   446 | D:1      | Found a faded altar of an unknown god.
   901 | D:2      | Noticed Sigmund
   926 | D:2      | Slain by Sigmund

Illustrated notes

Levels and vault maps discovered:
D:1:      amcnicky_arrival_abandoned_market, layout_loops_ring,
          hellmonk_ecumenical_altar_arch_garden
D:2:      layout_loops_ring, serial_shops, nicolae_shop_overgrown_old_shop,
          guppyfry_early_lair_pool, uniq_sigmund, uniq_natasha

Action                     || total
---------------------------++-------
  Melee: Unarmed           ||     1
   Cast: Freeze            ||    11
   Stab: Sleeping          ||     1
  Dodge: Dodged            ||     2
